 Dungeon Crawl Stone Soup version 0.31.0-11-ge490571c62 (webtiles) character file.

Game seed: 11381433836197202159

115 qw the Skirmisher (level 4, -12/25 HPs)
             Began as a Deep Elf Hunter on Feb 5, 2024.
             Killed by divine providence
             ... invoked by an orc priest
              (14 damage)
             ... on level 3 of the Dungeon.
             The game lasted 00:01:03 (1626 turns).

qw the Skirmisher (Deep Elf Hunter)                 Turns: 1626, Time: 00:01:04

Health: -12/25     AC:  4    Str: 10    XL:     4   Next: 68%
Magic:  6/6        EV: 12    Int: 14    God:
Gold:   215        SH:  0    Dex: 18    Spells: 3/3 levels left

rFire   . . .        n - +0 orcbow
rCold   . . .        (shield currently unavailable)
rNeg    . . .        c - +0 leather armour
rPois   .            i - +0 helmet
rElec   .            (no cloak)
rCorr   .            (no gloves)
SInv    .            (no boots)
Will    .....        (no amulet)
Stlth   ++           (no ring)
HPRegen 0.24/turn    (no ring)
MPRegen 0.10/turn

%: no passive effects
@: brilliant
A: no striking features
a: no special abilities


You were on level 3 of the Dungeon.
You visited 1 branch of the dungeon, and saw 3 of its levels.

You collected 215 gold pieces.


   Skills:
 - Level 1.5 Fighting
 + Level 8.1 Ranged Weapons
 - Level 2.4 Dodging
 - Level 1.2 Stealth


You had 3 spell levels left.
You didn't know any spells.
Your spell library was empty.

Inventory:

Hand Weapons
 n - a +0 orcbow (weapon)
Armour
 c - a +0 leather armour (worn)
 i - a +0 helmet (worn)
 m - a +0 ring mail
Jewellery
 d - a ring of willpower
Wands
 l - a wand of polymorph (11)
Potions
 e - a potion of ambrosia {unknown}
 f - a potion of heal wounds
 g - a potion of degeneration {unknown}
 h - a potion of haste {unknown}
 j - a potion of invisibility {unknown}
 k - a potion of might {unknown}

Dungeon Overview and Level Annotations

Branches:
Dungeon (3/15)

Altars:
Elyvilon
Fedhas


Message History

You shoot an arrow.
The arrow closely misses the orc wizard.
The orc priest shouts!
The orc shouts!
You hear a shout!
An orc comes into view. It is wielding a +0 mace.
You shoot an arrow.
The arrow closely misses the orc wizard.
The orc wizard points at you and mumbles some strange words.
You are confused.
The orc misses you.
1619 ||| DRINKING fizzy coppery potion.
It was a potion of brilliance.
You feel clever all of a sudden. The orc hits you with a +0 flail.
1620 ||| DRINKING yellow potion.
It was a potion of curing.
You feel better. The orc hits you with a +0 flail.
You shoot an arrow. The arrow closely misses the orc. x2
The orc priest calls down the wrath of Beogh upon you.
Beogh smites you!
You shoot an arrow.
The arrow hits the orc but does no damage.
The orc closely misses you.
You shoot an arrow.
The arrow hits the orc but does no damage.
The orc wizard gestures wildly while chanting.
The orc wizard flickers and vanishes!
Deactivating autopickup; reactivate with Ctrl-A.
The orc closely misses you. The orc barely misses you.
You shoot an arrow. The arrow hits the orc!
You kill the orc!
You shoot an arrow.
The arrow completely misses the orc priest.
The orc priest misses you. The orc hits you but does no damage.
You shoot an arrow. The arrow barely misses the orc priest.
The orc misses you.
The orc priest invokes the aid of Beogh against you.
Beogh smites you!
Ouch! That really hurt!
The orc priest mumbles some strange prayers to Beogh against you.
Beogh smites you!
Ouch! That really hurt!
You die...

#..)....# ....##....##. #.......#
#..... ####..%###. #.......#
.....#+######...... #.......#
#...... #..........
+.......#######..... #.###.####.
#.......##....#.... #.# #.# #.
#.......##....#... #.# #.####.
#.......##....##o######'###......
....(.........'o@#...>...##.#####
....###.......####..)....##.#
##..# #.......# #.......##.# #.^#
#.......# #.......##.#
###'###.......# ######'###.#
..............#### #.###.#
.....#...........# #.##..###
.....####........# #.##....#
.....## ##.......# #.##..#.##


You could see an orc priest and an orc.

Vanquished Creatures
  Jessica (D:3)
  3 adders
  2 ribbon worms
  2 orcs (D:3)
  5 bats
  5 endoplasms
  2 giant cockroaches
  7 goblins
  5 hobgoblins
  3 jackals (D:3)
  A quokka (D:2)
  8 ball pythons
  3 frilled lizards (D:1)
  4 kobolds
  4 rats
55 creatures vanquished.

Notes
Turn   | Place    | Note
-------+----------+-------------------------------------------
     0 | D:1      | qw the Deep Elf Hunter began the quest for the Orb.
     0 | D:1      | Reached XP level 1. HP: 12/12 MP: 3/3
     0 | D:1      | 0 ||| qw: Version: 0.3-a-160-g6735b56
     0 | D:1      | 0 ||| qw: Game counter: 6535
     0 | D:1      | 0 ||| qw: Melee chars always use a shield: true
     0 | D:1      | 0 ||| qw: God list: Okawaru
     0 | D:1      | 0 ||| qw: Allow faded altars: false
     0 | D:1      | 0 ||| qw: Do Orc after clearing Dungeon:15 true
     0 | D:1      | 0 ||| qw: Do second Lair branch before Depths: true
     0 | D:1      | 0 ||| qw: Lair rune preference: random
     0 | D:1      | 0 ||| qw: Goals: Normal
     0 | D:1      | 0 ||| PLANNING D:1-11
   177 | D:1      | Reached XP level 2. HP: 16/16 MP: 4/4
   192 | D:1      | Reached skill level 6 in Ranged Weapons
   606 | D:1      | 606 ||| DROPPING ring of wizardry.
   607 | D:1      | 607 ||| READING scroll labelled BEMOEF TIADE.
   607 | D:1      | 607 ||| IDENTIFYING smoky cyan potion
   608 | D:1      | 608 ||| READING scroll labelled PEEPSUNOLO.
   608 | D:1      | 608 ||| BRANDING +0 shortbow.
   609 | D:1      | 609 ||| DROPPING scroll of butterflies.
   661 | D:2      | Reached XP level 3. HP: 20/20 MP: 5/5
   751 | D:2      | Reached skill level 7 in Ranged Weapons
  1162 | D:2      | 1162 ||| UPGRADING to +0 helmet.
  1167 | D:2      | 1167 ||| READING scroll of identify.
  1167 | D:2      | 1167 ||| IDENTIFYING viscous grey potion
  1168 | D:2      | 1168 ||| READING scroll labelled LUPEOZIMIW.
  1169 | D:2      | 1169 ||| READING scroll labelled MOAGABLAHIRR.
  1170 | D:2      | 1170 ||| DROPPING potion of attraction.
  1172 | D:2      | 1172 ||| Stepping ~*~*~tactically~*~*~ (cloud).
  1272 | D:3      | Reached XP level 4. HP: 25/25 MP: 6/6
  1280 | D:3      | Found a white marble altar of Elyvilon.
  1355 | D:3      | Noticed Jessica
  1357 | D:3      | Killed Jessica
  1382 | D:3      | Reached skill level 8 in Ranged Weapons
  1397 | D:3      | Found a blossoming altar of Fedhas.
  1502 | D:3      | 1502 ||| SWAPPING to +0 orcbow.
  1505 | D:3      | 1505 ||| DROPPING +0 shortbow of draining.
  1619 | D:3      | 1619 ||| DRINKING fizzy coppery potion.
  1620 | D:3      | 1620 ||| DRINKING yellow potion.
  1626 | D:3      | HP: 2/25 [orc priest/divine providence (14)]
  1626 | D:3      | Killed from afar by an orc priest

Levels and vault maps discovered:
D:1:      dpeg_arrival_rooms_a, layout_loops_ring, minivault_26, st_stairs_14,
          minmay_cut_off
D:2:      layout_loops_ring
D:3:      layout_basic, elyvilon_altar_4, fedhas_altar_1, uniq_jessica

Skill      XL: |  1  2  3  4 |
---------------+-------------+-----
Ranged Weapons | 6 7 8 |  8.1
Fighting       | |  1.5
Dodging        | |  2.4
Stealth        | |  1.2

Action                     |  1- 3 |  4- 6 || total
---------------------------+-------+-------++-------
   Fire: Shortbow          |    88 |    24 ||   112
         Orcbow            |       |    10 ||    10
    Use: Scroll            |     5 |       ||     5
         Potion            |       |     2 ||     2
 Armour: Leather armour    |     8 |     7 ||    15
  Dodge: Dodged            |    15 |     7 ||    22

Table legend:
 A = Non-vault XP
 B = Vault XP
 C = Vault XP percentage of total XP
 D = Non-vault monster count
 E = Vault monster count
 F = Vault count percentage of total count
                 A         B        C        D         E       F
            +---------+---------+-------+---------+---------+-------
      Total |     119 |      46 |  27.9 |      49 |       6 |  10.9
            +---------+---------+-------+---------+---------+-------
        D:1 |      25 |       9 |  26.5 |      18 |       5 |  21.7
        D:2 |      58 |       0 |   0.0 |      19 |       0 |   0.0
        D:3 |      36 |      37 |  50.7 |      12 |       1 |   7.7
            +---------+---------+-------+---------+---------+-------
